 Dungeon Crawl Stone Soup version 0.29.1-12-g30fa7ad0bf (webtiles) character file.

Game seed: 13715957837600761199

429 mopl the Slasher (level 7, -4/50 HPs)
             Began as a Formicid Warper on Jan 6, 2023.
             Killed from afar by an orc wizard (6 damage)
             ... with a magic dart
             ... on level 4 of the Dungeon.
             The game lasted 00:05:29 (3442 turns).

mopl the Slasher (Formicid Warper)                  Turns: 3442, Time: 00:05:30

Health: -4/50      AC:  9    Str: 23    XL:     7   Next: 19%
Magic:  10/10      EV:  8    Int: 13    God:
Gold:   93         SH:  5    Dex: 13    Spells: 10/10 levels left

rFire   . . .      SeeInvis +   a - +0 hand axe
rCold   . . .      Faith    .   (no shield)
rNeg    + . .      Spirit   .   t - +0 chain mail
rPois   .          Reflect  +   (helmet unavailable)
rElec   .          Harm     .   q - +0 cloak
rCorr   .          Rampage  .   (no gloves)
Will    .....                   (no boots)
Stlth   ..........              e - amulet of reflection
HPRegen 0.16/turn               l - +6 ring of strength
MPRegen 0.12/turn               n - ring of positive energy

@: no status effects
A: permanent stasis, dig shafts and tunnels, antennae 3, four strong arms
a: Dig, Shaft Self


You were on level 4 of the Dungeon.
You visited 1 branch of the dungeon, and saw 4 of its levels.

You collected 177 gold pieces.
You spent 84 gold pieces at shops.

Inventory:

Hand Weapons
 a - a +0 hand axe (weapon)
 b - a +4 sling
 r - a +0 triple sword
Missiles
 c - 7 boomerangs of dispersal (quivered)
Armour
 q - a +0 cloak (worn)
 t - a +0 chain mail (worn)
Magical Staves
 s - a staff of air
Jewellery
 e - an amulet of reflection (around neck)
 l - a +6 ring of strength (left hand)
 n - a ring of positive energy (right hand)
Wands
 o - a wand of mindburst (2)
Scrolls
 d - a scroll of blinking {unknown}
 j - 4 scrolls of identify {unknown}
 m - a scroll of magic mapping {unknown}
 p - 2 scrolls of teleportation {unknown}
Potions
 f - a potion of resistance {unknown}
 g - a potion of ambrosia {unknown}
 h - a potion of mutation {unknown}
 i - a potion of heal wounds {unknown}
 k - 2 potions of curing


   Skills:
 - Level 2.1 Fighting
 + Level 5.1 Long Blades
 - Level 4.8 Axes
 - Level 1.0 Throwing
 - Level 1.1 Armour
 - Level 1.7 Dodging
 - Level 2.1 Spellcasting
 - Level 2.6 Translocations


You had 10 spell levels left.
You didn't know any spells.
Your spell library contained the following spells:

 Spells                   Type           Power      Damage    Failure   Level
 Magic Dart               Conj           4%         1d3       92%         1
 Gell's Gravitas          Tloc           8%         N/A       92%         3
 Lesser Beckoning         Tloc           8%         N/A       92%         3
 Teleport Other           Tloc           8%         N/A       92%         3
 Searing Ray              Conj           2%         2d4       98%         2
 Portal Projectile        Hex/Tloc       8%         N/A       98%         3
 Ozocubu's Armour         Ice            1%         N/A       100%        3
 Fulminant Prism          Conj/Hex       0%         3d6       100%        4
 Hailstorm                Conj/Ice       1%         3d3       100%        4
 Ice Form                 Ice/Tmut       1%         N/A       100%        4
 Manifold Assault         Tloc           8%         N/A       100%        5
 Simulacrum               Ice/Necr       0%         N/A       100%        6
 Malign Gateway           Summ/Tloc      2%         N/A       100%        7
 Ozocubu's Refrigeration  Ice            0%         4d7       100%        7
 Blink                    Tloc           Unusable   N/A       N/A         2

Dungeon Overview and Level Annotations

Branches:
Dungeon (4/15)
 Temple: D:4-7

Altars:
Qazlal

Shops:
D:3 !

Annotations:
D:3 1 runed translucent door, p0werm0de's ghost, amateur OpDe


Innate Abilities, Weirdness & Mutations

You cannot be hasted, slowed, berserked, paralysed or teleported.
You can dig through walls and to a lower floor.
You have a pair of large antennae on your head. (SInv)
Your four strong arms can wield two-handed weapons with a shield.


Message History

You easily resist.
Unknown command.
You closely miss the orc wizard.
The orc wizard is almost dead.
You hit the orc wizard but do no damage.
The orc wizard gestures at you while chanting.
The puff of flame hits you.
The orc wizard hits you but does no damage.
Unknown command.
You hit the orc wizard.
You kill the orc wizard!
You hit the orc. You hit the orc wizard. The orc wizard barely misses you.
The orc hits you but does no damage.
Your Long Blades skill increases to level 5!
Unknown command.
The orc hits you with a +0 lajatang! You block the orc wizard's attack.
The orc hits you with a +0 dagger.
Things that are here:
a +0 dagger; a +0 robe Unknown command.
You completely miss the orc. You hit the orc. You hit the orc wizard.
The orc wizard hits you with a +0 dagger.
The orc hits you but does no damage. The orc barely misses you.
Unknown command.
You hit the orc but do no damage. x2
You hit the orc wizard but do no damage.
You block the orc wizard's attack. The orc hits you with a +0 dagger.
* * * LOW HITPOINT WARNING * * *
The orc hits you with a +0 lajatang.
* * * LOW HITPOINT WARNING * * *
Unknown command.
You hit the orc.
The orc is severely wounded.
You hit the orc but do no damage.
You hit the orc wizard but do no damage.
You block the orc's attack. The orc hits you with a +0 lajatang!
* * * LOW HITPOINT WARNING * * *
The orc wizard casts a spell at you. The magic dart hits you.
You die...

..#...#.... ..##### .... ..
..#...#...... { ... .#.....#.....
.... ###...##.....#######...#
.#.###.#..............# ?.
#...#...#............ #### {..
#...#...#..#....o.##..#.... ###..
#...#...#.......@o....#.... #.#..
.#.###.#........o##........##....
###...##..>..[....#....##........
#...........#...........##.......
........................##.......
..........##...........†.......##
...............................#
(.......).......#..............##
.............†.......#.....#.....


You could see an orc wizard and 2 orcs.

Vanquished Creatures
  Menkaure (D:4)
  A black bear (D:4)
  A hound (D:3)
  A jelly (D:4)
  An orc wizard (D:4)
  5 adders (D:2)
  An ufetubus (D:4)
  A worm (D:2)
  2 dart slugs
  2 orcs
  7 endoplasms
  2 giant cockroaches
  10 goblins
  5 hobgoblins
  3 quokkas
  10 ball pythons
  8 bats
  3 frilled lizards
  8 kobolds
  7 rats
79 creatures vanquished.

Notes
Turn   | Place    | Note
-------+----------+-------------------------------------------
     0 | D:1      | mopl the Formicid Warper began the quest for the Orb.
     0 | D:1      | Reached XP level 1. HP: 16/16 MP: 3/3
   125 | D:1      | Found a faded altar of an unknown god.
   133 | D:1      | Reached XP level 2. HP: 16/22 MP: 5/5
   517 | D:1      | Reached skill level 3 in Axes
   632 | D:1      | Reached XP level 3. HP: 8/27 MP: 6/6
  1357 | D:2      | Reached skill level 4 in Axes
  1357 | D:2      | Reached XP level 4. HP: 30/33 MP: 7/7
  2382 | D:2      | Reached XP level 5. HP: 38/38 MP: 8/8
  2544 | D:3      | Found a runed translucent door.
  2544 | D:3      | Noticed p0werm0de's ghost (amateur OpDe)
  2573 | D:3      | Found a stormy altar of Qazlal.
  2662 | D:3      | Found Bewnuava's Distillery.
  2672 | D:3      | Bought a potion of curing for 42 gold pieces
  2672 | D:3      | Bought a potion of attraction for 42 gold pieces
  2694 | D:3      | Reached skill level 1 in Long Blades
  3049 | D:4      | Reached skill level 2 in Long Blades
  3065 | D:4      | Got the Spellbook of Coordinates
  3123 | D:4      | Noticed a black bear
  3133 | D:4      | Killed a black bear
  3134 | D:4      | Reached skill level 3 in Long Blades
  3134 | D:4      | Reached XP level 6. HP: 34/44 MP: 9/9
  3271 | D:4      | Noticed Menkaure
  3276 | D:4      | Killed Menkaure
  3277 | D:4      | Reached skill level 4 in Long Blades
  3277 | D:4      | Reached XP level 7. HP: 18/50 MP: 10/10
  3439 | D:4      | Reached skill level 5 in Long Blades
  3442 | D:4      | HP: 2/50 [orc/+0 lajatang (7)]
  3442 | D:4      | Killed from afar by an orc wizard

Illustrated notes

Levels and vault maps discovered:
D:1:      minmay_arrival_wavy_path, layout_rooms,
          hellmonk_ecumenical_altar_pennies_from_heaven, st_stairs_1
D:2:      layout_basic, wander_ebering_terrifying_dragon_lair
D:3:      layout_rooms, grunt_qazlal_sundering, hellmonk_ghost_happy_afterlife,
          serial_shops, nicolae_square_shop, ebering_dispersal_statue_hall
D:4:      nicolae_cairo_tiling, layout_cave_pools, mainiacjoe_overflow_chevrons,
          ebering_ghost_reflecting_pool, minmay_misc_feat_four_crosses,
          uniq_menkaure

Skill      XL: |  1  2  3  4  5  6  7 |
---------------+----------------------+-----
Axes           | 3 4 |  4.8
Long Blades    | 3 4 5 |  5.1
Fighting       | |  2.1
Throwing       | |  1.0
Armour         | |  1.1
Dodging        | |  1.7
Spellcasting   | |  2.1
Translocations | |  2.6

Action                   |  1- 3 |  4- 6 |  7- 9 || total
-------------------------+-------+-------+-------++-------
Melee: Hand axe          |   107 |    41 |     8 ||   156
       Punch             |     1 |     1 |       ||     2
 Fire: Sling             |       |    95 |    11 ||   106
Armor: Leather armour    |    43 |    11 |       ||    54
       Chain mail        |       |     9 |     8 ||    17
       Ring mail         |       |     1 |       ||     1
Dodge: Dodged            |    76 |    54 |     5 ||   135
Block: Other             |     7 |    26 |     6 ||    39
       Reflection        |       |     1 |       ||     1
